[Event "ICC tourney 2349 (60 10)"]
[Site "Internet Chess Club"]
[Date "2021.01.31"]
[Round "6"]
[White "edmehu"]
[Black "Kyle2007"]
[Result "1-0"]
[ICCResult "Black resigns"]
[WhiteElo "2212"]
[BlackElo "2038"]
[Opening "Sicilian: dragon, classical, Réti-Tartakower variation"]
[ECO "B74"]
[NIC "SI.33"]
[Time "16:02:38"]
[PlyCount "55"]
[TimeControl "3600+10"]

1. e4 c5 2. Nf3 g6 3. d4 cxd4 4. Nxd4 Nc6 5. Nc3 Bg7 6. Be3 Nf6 7. Be2 O-O
8. Nb3 d6 9. O-O Be6 10. f4 Qc8 11. h3 Rd8 12. Bf3 Bc4 13. Rf2 e5 14. Rd2
Qc7 15. g3 b5 16. a4 exf4 17. gxf4 bxa4 18. Rxa4 Bxb3 19. cxb3 Rab8 20. Rc4
Qb7 21. e5 d5 22. Nxd5 Nxd5 23. Bxd5 Rbc8 24. Qc2 Qd7 25. e6 fxe6 26. Bxc6
Qc7 27. Bd7 Rxd7 28. Rxd7 { Black resigns } 1-0

[Event "ICC tourney 2349 (60 10)"]
[Site "Internet Chess Club"]
[Date "2021.01.31"]
[Round "6"]
[White "AccuratePotato"]
[Black "danh07"]
[Result "0-1"]
[ICCResult "White resigns"]
[WhiteElo "1748"]
[BlackElo "1852"]
[Opening "Neo-Grünfeld, 6.O-O"]
[ECO "D77"]
[NIC "GI.02"]
[Time "16:02:18"]
[PlyCount "132"]
[TimeControl "3600+10"]

1. d4 Nf6 2. Nf3 d5 3. g3 g6 4. Bg2 Bg7 5. O-O O-O 6. c4 dxc4 7. Na3 c5 8.
Nxc4 Be6 9. Nce5 cxd4 10. Qxd4 Qxd4 11. Nxd4 Bd5 12. Nef3 Rd8 13. Nb5 Nc6
14. Nc7 Rac8 15. Nxd5 Nxd5 16. Rd1 Ndb4 17. Bf4 Bxb2 18. Rxd8+ Nxd8 19. Rb1
Bc3 20. a3 Nbc6 21. Nd2 Ne6 22. Be3 b6 23. Ne4 Bd4 24. Bh6 Ne5 25. e3 Ng4
26. exd4 Nxh6 27. d5 Nc5 28. Rc1 f5 29. Nc3 Nd3 30. Rc2 Ne1 31. Rc1 Nxg2
32. Kxg2 Ng4 33. Ne2 Rxc1 34. Nxc1 Nf6 35. Nb3 Nxd5 36. Nd4 Kf7 37. Kf3 e5
38. Nb5 a6 39. Nd6+ Ke7 40. Nc4 e4+ 41. Ke2 b5 42. Na5 Nc3+ 43. Kd2 Nb1+
44. Kc2 Nxa3+ 45. Kb3 Nc4 46. Nc6+ Kd6 47. Nb4 a5 48. Nc2 Kc5 49. h3 a4+
50. Ka2 b4 51. Kb1 Na3+ 52. Nxa3 bxa3 53. Ka2 Kd4 54. Kxa3 Kd3 55. Kxa4 Ke2
56. Kb3 Kxf2 57. Kc2 e3 58. g4 f4 59. h4 e2 60. h5 gxh5 61. g5 e1=Q 62. g6
hxg6 63. Kb2 Qe3 64. Ka2 Qc3 65. Kb1 Qd2 66. Ka1 h4 { White resigns } 0-1

[Event "ICC tourney 2349 (60 10)"]
[Site "Internet Chess Club"]
[Date "2021.01.31"]
[Round "6"]
[White "RohanKrishna"]
[Black "colorfulcake"]
[Result "1-0"]
[ICCResult "Black resigns"]
[WhiteElo "1703"]
[BlackElo "1516"]
[Opening "French: Winawer, advance, Bogolyubov variation"]
[ECO "C17"]
[NIC "FR.10"]
[Time "16:02:21"]
[PlyCount "127"]
[TimeControl "3600+10"]

1. e4 e6 2. d4 d5 3. Nc3 Bb4 4. e5 c5 5. Bd2 cxd4 6. Nb5 Bc5 7. Qg4 g6 8.
O-O-O Nc6 9. Nf3 a6 10. Bg5 Nge7 11. Nbxd4 Nxd4 12. Nxd4 Qc7 13. f4 Nc6 14.
Nxc6 bxc6 15. Bf6 Rg8 16. Qh3 h5 17. Rd3 Be7 18. Qh4 Bxf6 19. Qxf6 Bd7 20.
h3 Qd8 21. Qxd8+ Kxd8 22. Ra3 a5 23. Be2 Kc7 24. Rf1 Bc8 25. Rf2 Bb7 26.
Kd2 Rgb8 27. Rff3 c5 28. Bf1 d4 29. Rfb3 a4 30. Rg3 Bd5 31. Kc1 Ra7 32. b3
Rba8 33. Bb5 axb3 34. Rxa7+ Rxa7 35. axb3 Kb6 36. Ba4 Bc6 37. Bxc6 Kxc6 38.
Kb2 Kd5 39. Rf3 Ke4 40. Rf1 h4 41. Rf3 Ra8 42. Rf2 Rf8 43. Ka3 g5 44. fxg5
Kxe5 45. Ka4 Kd5 46. Rf4 e5 47. Rf5 Ke6 48. Rf6+ Kd5 49. Rf5 Rg8 50. Kb5
Rb8+ 51. Ka4 Ra8+ 52. Kb5 Ra2 53. Rf2 e4 54. c4+ dxc3 55. Rxa2 Kd4 56. b4
cxb4 57. Kxb4 e3 58. Rc2 Kd3 59. Rxc3+ Ke2 60. Rc7 Kd2 61. Rd7+ Ke1 62.
Rxf7 e2 63. Re7 Kf2 64. g6 { Black resigns } 1-0

[Event "ICC tourney 2349 (60 10)"]
[Site "Internet Chess Club"]
[Date "2021.01.31"]
[Round "6"]
[White "madscience08"]
[Black "lemon365"]
[Result "0-1"]
[ICCResult "White resigns"]
[WhiteElo "1604"]
[BlackElo "2034"]
[Opening "Sicilian defense"]
[ECO "B40"]
[NIC "SI.43"]
[Time "16:02:33"]
[PlyCount "142"]
[TimeControl "3600+10"]

1. e4 c5 2. Nf3 e6 3. d3 Nc6 4. g3 g6 5. Bg2 Bg7 6. O-O Nge7 7. Re1 d6 8.
a4 a6 9. c3 Rb8 10. Be3 O-O 11. Qc1 Na5 12. Nbd2 h6 13. Ra3 Kh7 14. b4 cxb4
15. cxb4 Nac6 16. b5 Ne5 17. Nxe5 dxe5 18. b6 Bd7 19. a5 Bb5 20. Rd1 Qd7
21. Nc4 Rbc8 22. Rc3 Rc6 23. Na3 Ba4 24. Rxc6 Nxc6 25. Rd2 Rc8 26. Qc3 Nd4
27. Nc4 Bb5 28. Qb4 Bxc4 29. dxc4 Bf8 30. Qc3 Bc5 31. f4 f6 32. fxe5 fxe5
33. h3 Rf8 34. Kh2 Qg7 35. Rf2 Rxf2 36. Bxf2 Qe7 37. Qa1 Nc6 38. Bxc5 Qxc5
39. Qf1 Kg7 40. Qd1 Qd4 41. Qa4 Qc5 42. Qd1 Nd4 43. Qa4 Nc6 44. Qd1 Qd4 45.
Qa4 Kf7 46. Qa2 Ke8 47. Qa4 Kd7 48. Qa2 h5 49. Qa4 Kc8 50. Qa2 Qe3 51. Qa4
Kd7 52. Qd1+ Ke7 53. Qa4 Qc5 54. Bf1 Nxa5 55. Qa2 Nc6 56. Qb3 Qf2+ 57. Bg2
a5 58. Qa3+ Kd7 59. Qd3+ Nd4 60. Qa3 Ne2 61. Qa4+ Ke7 62. Qa3+ Ke8 63. Qa4+
Kf8 64. Qa3+ Kg8 65. Qa1 Qxg3+ 66. Kh1 Nf4 67. Qg1 Nd3 68. Qh2 Qxh2+ 69.
Kxh2 a4 70. Bf1 Nc5 71. Be2 a3 { White resigns } 0-1

[Event "ICC tourney 2349 (60 10)"]
[Site "Internet Chess Club"]
[Date "2021.01.31"]
[Round "6"]
[White "Basher22"]
[Black "kaiphoenix"]
[Result "1/2-1/2"]
[ICCResult "Game drawn by mutual agreement"]
[WhiteElo "1759"]
[BlackElo "1532"]
[Opening "Queen's Indian: Marienbad system"]
[ECO "A46"]
[NIC "QP.06"]
[Time "16:02:35"]
[PlyCount "89"]
[TimeControl "3600+10"]

1. d4 Nf6 2. Nf3 c5 3. g3 b6 4. Bg2 Bb7 5. c3 g6 6. O-O Bg7 7. Re1 O-O 8.
Nbd2 d5 9. c4 e6 10. e3 Nbd7 11. b3 Ne4 12. Nxe4 dxe4 13. Nd2 cxd4 14. exd4
Bxd4 15. Rb1 Nc5 16. Ba3 Bxf2+ 17. Kxf2 Nd3+ 18. Ke2 Nxe1 19. Kxe1 Re8 20.
Nxe4 Qxd1+ 21. Rxd1 Bxe4 22. Bxe4 Rad8 23. c5 Rxd1+ 24. Kxd1 Rd8+ 25. Ke2
bxc5 26. Bxc5 f5 27. Bd3 e5 28. a4 Rd7 29. b4 e4 30. Bc4+ Kg7 31. a5 Kf6
32. b5 Rc7 33. b6 axb6 34. axb6 Rxc5 35. b7 Rxc4 36. b8=Q Rc2+ 37. Ke3 Rxh2
38. g4 Rh3+ 39. Ke2 Kg5 40. gxf5 gxf5 41. Qg8+ Kf4 42. Qb8+ Kg4 43. Qg8+
Kf4 44. Qb8+ Kg5 45. Qg8+ { Game drawn by mutual agreement } 1/2-1/2

[Event "ICC tourney 2349 (60 10)"]
[Site "Internet Chess Club"]
[Date "2021.01.31"]
[Round "6"]
[White "knasta"]
[Black "espark"]
[Result "0-1"]
[ICCResult "White resigns"]
[WhiteElo "1886"]
[BlackElo "2322"]
[Opening "Sicilian: Taimanov variation"]
[ECO "B46"]
[NIC "SI.39"]
[Time "16:02:33"]
[PlyCount "116"]
[TimeControl "3600+10"]

1. e4 c5 2. Nf3 e6 3. d4 cxd4 4. Nxd4 Nc6 5. Nc3 a6 6. Be2 Nf6 7. O-O Qc7
8. Kh1 Nxd4 9. Qxd4 Bc5 10. Qd3 b5 11. f4 d6 12. e5 Nd7 13. Bf3 d5 14. Be3
Be7 15. Bd4 b4 16. Ne2 a5 17. Qd2 Ba6 18. Rfc1 O-O 19. c4 bxc3 20. Qxc3
Qxc3 21. Rxc3 Rfc8 22. Rac1 Rxc3 23. Rxc3 Kf8 24. Rc7 Ke8 25. f5 Kd8 26.
Rc1 Bg5 27. Rc3 Rb8 28. fxe6 fxe6 29. Rc6 Bxe2 30. Bxe2 Rb4 31. Bc3 Re4 32.
Bf3 Ra4 33. a3 Ke7 34. Bd1 Rf4 35. Kg1 Rf5 36. g4 Be3+ 37. Kg2 Rf2+ 38. Kg3
Rf1 39. Bf3 d4 40. Be2 Rg1+ 41. Kh3 dxc3 42. Rxc3 Bd4 43. Rc7 Bxe5 44. Ra7
Rh1 45. Kg2 Rxh2+ 46. Kf3 Bd4 47. Rxa5 Ne5+ 48. Ke4 Rxe2+ 49. Kxd4 Nc6+ 50.
Kd3 Nxa5 51. Kxe2 Nc4 52. b4 Nxa3 53. Kd3 Kd6 54. Kc3 h6 55. Kb3 Nb5 56.
Ka4 Kc6 57. Ka5 g6 58. Ka6 e5 { White resigns } 0-1